 Dungeon Crawl Stone Soup version 0.28-a0-655-g4eb62b627b (webtiles) character file.

Game seed: 15194533416996468545

103 KoroneIsBestGirl the Chiller (level 4, -3/30 HPs)
             Began as a Barachi Ice Elementalist on Oct 12, 2021.
             Was a Follower of Cheibriados.
             Slain by Grinder (5 damage)
             ... on level 4 of the Dungeon on Oct 13, 2021.
             The game lasted 00:04:36 (3626 turns).

KoroneIsBestGirl the Chiller (BaIE)                 Turns: 3626, Time: 00:04:36

Health: -3/30      AC:  2    Str: 12    XL:     4   Next: 79%
Magic:  2/8        EV: 13    Int: 20    God:    Cheibriados [*.....]
Gold:   121        SH:  0    Dex: 15    Spells: 5/9 levels left

rFire   . . .      SeeInvis .   d - +0 short sword
rCold   . . .      Faith    .   (no shield)
rNeg    . . .      Spirit   .   a - +0 robe
rPois   .          Reflect  .   (no helmet)
rElec   .          Harm     .   (no cloak)
rCorr   .          Rampage  .   (no gloves)
Will    .....                   (no boots)
Stlth   ++........              (no amulet)
HPRegen 0.10/turn               (no ring)
MPRegen 0.11/turn               (no ring)

@: freezing walls, very slow
A: amphibious, slowness 1, strong legs 1, +LOS
a: Hop, Renounce Religion, Bend Time


You were on level 4 of the Dungeon.
You worshipped Cheibriados.
Cheibriados was aware of your devotion.
You visited 1 branch of the dungeon, and saw 4 of its levels.

You collected 121 gold pieces.

Inventory:

Hand Weapons
 d - a +0 short sword (weapon)
Armour
 a - a +0 robe (worn)
 o - a +0 buckler
Wands
 l - a wand of flame (14)
Scrolls
 c - a scroll of vulnerability {unknown}
 f - a scroll of blinking {unknown}
 g - a scroll of teleportation {unknown}
 i - 2 scrolls of noise {unknown}
 k - a scroll of magic mapping {unknown}
 m - 4 scrolls of identify {unknown}
Potions
 b - a potion of mutation {unknown}
 e - a potion of lignification {unknown}
 h - 2 potions of heal wounds {unknown}
 j - a potion of haste {unknown}
 n - 2 potions of magic {unknown}
 p - a potion of curing {unknown}


   Skills:
 + Level 3.4 Dodging
 - Level 1.9 Stealth
 + Level 0.1 Shields
 + Level 3.2 Spellcasting
 + Level 5.7 Ice Magic


You had 5 spell levels left.
You knew the following spells:

 Your Spells              Type           Power      Damage    Failure   Level
a - Freeze                Ice            100%       1d11      1%          1
b - Frozen Ramparts       Ice            52%        1d7       4%          3

Your spell library contained the following spells:

 Spells                   Type           Power      Damage    Failure   Level
 Ozocubu's Armour         Ice            26%        N/A       4%          3
 Sandblast                Erth           6%         2d5       14%         1
 Passwall                 Tmut/Erth      2%         N/A       22%         2
 Stone Arrow              Conj/Erth      6%         3d7       38%         3
 Hailstorm                Conj/Ice       14%        3d5       38%         4


Dungeon Overview and Level Annotations

Branches:
Dungeon (4/15)
 Temple: D:4-7

Altars:
Cheibriados

Annotations:
D:4 Grinder


Innate Abilities, Weirdness & Mutations

You are amphibious.
You cover ground slowly.
You can hop short distances.
You have an extended range of vision and can be seen from far away.


Message History

Casting: Freeze (safe; 1% risk of failure)
Confirm with . or Enter, or press ? or * to list all spells.
Casting: Frozen Ramparts (dangerous; 4% risk of failure)
Press: ? - help, Dir - look around, f - activate The walls around you are covered in ice.
Grinder gestures at you. You resist with significant effort.
Grinder blinks!
Grinder blinks!
Your frozen ramparts will break if you move.
Continue?
The frozen ramparts melt away as you move.
Grinder gestures at you.
You suddenly lose the ability to move!
Grinder gestures at you. Pain shoots through your body!
Grinder gestures at you. Pain shoots through your body!
You can move again.
Casting: Frozen Ramparts (dangerous; 4% risk of failure)
Confirm with . or Enter, or press ? or * to list all spells.
Casting: Frozen Ramparts (dangerous; 4% risk of failure)
Press: ? - help, Dir - look around, f - activate The walls around you are covered in ice.
Grinder resists.
The wall freezes Grinder.
Grinder hits you.
* * * LOW HITPOINT WARNING * * *
You writhe in agony.
* * * LOW HITPOINT WARNING * * *
Casting: Frozen Ramparts (dangerous; 4% risk of failure)
Confirm with . or Enter, or press ? or * to list all spells.
Aiming: Freeze (safe; 1% risk of failure)
Press: ? - help, Shift-Dir - straight line, f - Grinder
Aim: Grinder (lightly wounded)
You freeze Grinder.
Grinder resists.
Grinder is lightly wounded.
Grinder completely resists.
The wall freezes Grinder but does no damage.
Grinder hits you.
* * * LOW HITPOINT WARNING * * *
You writhe in agony.
You die...

..# ....# ##.. #..
##...# #.. #..## ##...#
##.. #..###...# ##...
#........# ##....
#.......### ##...##
####..$......####...###
.##..................##
#
.........@5..........##
#.......###..........#
#.:....# #..........#
......# #...........#
...... #....##......#
..... #....###......#
..... #....# #.......#
.... #....## #.........
#....# #.....#...


You could see Grinder.

Vanquished Creatures
  3 adders (D:2)
  A worm (D:3)
  3 dart slugs
  2 bats
  7 endoplasms
  5 giant cockroaches
  5 goblins
  7 hobgoblins
  4 jackals (D:2)
  3 kobolds
  6 quokkas
  5 ball pythons
  3 frilled lizards
  6 rats
60 creatures vanquished.

Notes
Turn   | Place    | Note
-------+----------+-------------------------------------------
     0 | D:1      | KoroneIsBestGirl the Barachi Ice Elementalist began the
                  | quest for the Orb.
     0 | D:1      | Reached XP level 1. HP: 13/13 MP: 3/3
   389 | D:1      | Reached skill level 5 in Ice Magic
   393 | D:1      | Reached XP level 2. HP: 17/19 MP: 0/5
   957 | D:1      | Reached XP level 3. HP: 24/24 MP: 4/6
   965 | D:1      | Learned a level 3 spell: Frozen Ramparts
  1483 | D:2      | Reached XP level 4. HP: 27/30 MP: 5/8
  2174 | D:2      | Found a faded altar of an unknown god.
  2189 | D:2      | Prayed at the altar of an unknown god.
  2189 | D:2      | Became a worshipper of Cheibriados the Contemplative
  2189 | D:2      | Reached * piety under Cheibriados
  3604 | D:4      | Noticed Grinder
  3605 | D:4      | Paralysed by Grinder for 5 turns
  3617 | D:4      | Paralysed by Grinder for 7 turns
  3626 | D:4      | Slain by Grinder

Illustrated notes

Levels and vault maps discovered:
D:1:      dpeg_arrival_radiant, layout_basic, minmay_bisected
D:2:      layout_loops_ring, ebering_ecumenical_altar_mist,
          small_statue_intersection, minmay_tetromino_o4
D:3:      layout_basic
D:4:      layout_layer_cave, nicolae_shop_firing_range, uniq_grinder

Skill      XL: |  1  2  3 |
---------------+----------+-----
Ice Magic      | 5 |  5.7
Dodging        | 3 |  3.4
Spellcasting   | 3 |  3.2
Stealth        | |  1.9
Shields        | |  0.1

Action                   |  1- 3 |  4- 6 || total
-------------------------+-------+-------++-------
Melee: Unarmed           |     5 |       ||     5
       Short sword       |    14 |    11 ||    25
 Cast: Freeze            |    41 |    53 ||    94
       Frozen Ramparts   |       |     4 ||     4
 Abil: Hop               |       |     1 ||     1
Armor: Robe              |     8 |     5 ||    13
Dodge: Dodged            |    36 |    30 ||    66

Table legend: (Time is in decaauts)
 A = Elapsed time spent in this place.
 B = Non-inter-level travel time spent in this place.
 C = Inter-level travel time spent in this place.
 D = Time resting spent in this place.
 E = Time spent auto-exploring this place.
 F = Levels seen in this place.
 G = Mean time per level.
                   A        B        C        D        E       F      G
               +--------+--------+--------+--------+--------+-----+--------+
         Total |   4304 |   4215 |     89 |      0 |   3761 |   4 | 1076.0 |
       Dungeon |   4304 |   4215 |     89 |      0 |   3761 |   4 | 1076.0 |
               +--------+--------+--------+--------+--------+-----+--------+

Top non-repeatable levels by time:
     D:3: 1521 daAuts
     D:2: 1495 daAuts
     D:1: 1133 daAuts
     D:4: 153 daAuts
